 Dungeon Crawl Stone Soup version 0.28-a0-1184-g53156a8862 (webtiles) character file.

Game seed: 1663219701492810763

395 ytrimaz the Insei (level 6, -5/61 HPs)
             Began as an Octopode Transmuter on Dec 18, 2021.
             Was an Initiate of Ashenzari.
             Slain by an orc (7 damage)
             ... on level 5 of the Dungeon.
             The game lasted 00:05:11 (5257 turns).

ytrimaz the Insei (Octopode Transmuter)             Turns: 5257, Time: 00:05:11

Health: -5/61      AC:  1    Str:  9    XL:     6   Next: 82%
Magic:  11/11      EV: 13    Int: 18    God:    Ashenzari [......]
Gold:   309        SH:  0    Dex: 12    Spells: 2/12 levels left

rFire   + . .      SeeInvis .     - Unarmed
rCold   . . .      Faith    .   (no shield)
rNeg    . . .      Spirit   .   (helmet restricted)
rPois   .          Reflect  .   d - amulet of the acrobat
rElec   .          Harm     .   j - ring of protection from fire
rCorr   .          Rampage  .   (no ring)
Will    .....                   (no ring)
Stlth   ..........              (no ring)
HPRegen 0.20/turn               (no ring)
MPRegen 0.12/turn               (no ring)
                                (no ring)
                                (no ring)

@: berserking (expiring), lethally poisoned (-5 -> -6), very quick
A: almost no armour, amphibious, 8 rings, camouflage 1, gelatinous body 1,
(nimble swimmer 1), tentacles
a: Renounce Religion, Curse Item


You were on level 5 of the Dungeon.
You worshipped Ashenzari.
Ashenzari was noncommittal.
You visited 2 branches of the dungeon, and saw 6 of its levels.

You collected 309 gold pieces.

Inventory:

Jewellery
 d - an amulet of the acrobat (around mantle)
 j - a ring of protection from fire (left tentacle)
Scrolls
 a - a scroll of immolation
 g - 2 scrolls of magic mapping
 k - 2 scrolls of teleportation
 l - a scroll of enchant weapon
 m - a scroll of amnesia
Potions
 c - a potion of mutation {unknown}
 f - 2 potions of brilliance
 h - 2 potions of haste {unknown}
 i - 2 potions of lignification {unknown}


   Skills:
 * Level 2.5 Fighting
 - Level 2.0 Dodging
 + Level 4.8 Unarmed Combat
 * Level 3.9 Spellcasting
 * Level 3.6 Transmutations
 * Level 0.8 Poison Magic


You had 2 spell levels left.
You knew the following spells:

 Your Spells              Type           Power      Damage    Failure   Level
a - Beastly Appendage     Tmut           32%        N/A       3%          1
b - Wereblood             Tmut           16%        N/A       4%          2
c - Spider Form           Tmut/Pois      11%        N/A       19%         3
d - Ice Form              Ice/Tmut       10%        N/A       56%         4

Your spell library contained the following spells:

 Spells                   Type           Power      Damage    Failure   Level
 Poisonous Vapours        Pois/Air       10%        N/A       19%         2
 Corpse Rot               Necr/Air       6%         N/A       22%         2
 Ignite Poison            Fire/Tmut/Pois 8%         N/A       24%         3
 Conjure Flame            Conj/Fire      3%         6-21      41%         3
 Portal Projectile        Hex/Tloc       6%         N/A       41%         3
 Blade Hands              Tmut           8%         N/A       67%         5
 Sticky Flame             Conj/Fire      3%         2d3       83%         4
 Irradiate                Conj/Tmut      5%         3d15      89%         5
 Excruciating Wounds      Necr           1%         N/A       99%         5
 Iron Shot                Conj/Erth      1%         9d1       100%        6
 Dragon Form              Tmut           8%         N/A       100%        7
 Animate Armour           Summ/Erth      Unusable   N/A       N/A         4

Dungeon Overview and Level Annotations

Branches:
Dungeon (5/15)             Temple (1/1) D:4

Altars:
Ashenzari
Cheibriados
Dithmenos
Fedhas
Gozag
Hepliaklqana
Kikubaaqudgha
Nemelex Xobeh
Okawaru
Qazlal
Ru
Sif Muna
Uskayaw
Wu Jian
Xom
Yredelemnul
Zin
The Shining One

Annotations:
D:3 1 runed translucent door, Crazy Yiuf


Innate Abilities, Weirdness & Mutations

You cannot wear most types of armour.
You are amphibious.
You can wear up to eight rings at the same time.
Your skin changes colour to match your surroundings (Stealth+).
Your rubbery body absorbs attacks. (AC +1, EV +1)
((You are camouflaged near water. (Stealth+)))
You have tentacles for arms and can constrict up to eight enemies at once.


Message History

You constrict the adder.
You kill the adder!
You feel sick. The orc priest closely misses you.
The orc hits you with a +0 flail.
Unknown command.
You feel sick. The orc completely misses you.
The orc priest hits you with a +0 mace.
Unknown command.
You tentacle-slap the orc priest. Your grab misses the orc priest.
The orc priest is lightly wounded.
The orc barely misses you. The orc wizard barely misses you.
Unknown command.
You tentacle-slap the orc priest. You grab the orc priest.
The orc priest is heavily wounded.
You constrict the orc priest, but do no damage.
You feel sick. The orc hits you with a +0 hand axe.
The orc priest mumbles some strange prayers to Beogh against you.
Beogh smites you!
* * * LOW HITPOINT WARNING * * *
The orc misses you.
Unknown command.
You bludgeon the orc priest! You squeeze the orc priest.
You kill the orc priest!
You feel sick. The orc wizard casts a spell at you. The puff of flame hits you.
You resist.
* * * LOW HITPOINT WARNING * * *
The orc closely misses you.
You bludgeon the orc wizard! Your grab misses the orc wizard.
The orc wizard is severely wounded.
The orc barely misses you.
The orc wizard hits you with a +0 dagger.
* * * LOW HITPOINT WARNING * * *
Unknown command.
You bludgeon the orc wizard!
You kill the orc wizard!
You feel sick. The orc hits you with a +0 hand axe.
* * * LOW HITPOINT WARNING * * *
The orc hits you with a +0 flail!
You die...

#.......#
#.#######≈≈≈≈
#.# ≈≈≈≈≈. #.#
≈≈≈≈≈.. #.#
##≈≈≈≈... #.#
#≈≈≈≈≈..#
#.#####≈≈≈≈≈..#
#.o)88≈≈≈≈≈88..
#.@).......!...
#..o...........
##..88≈≈≈≈≈88..
#####≈≈≈≈.....
#≈≈≈≈≈.##SS
#≈≈≈≈≈.#
#≈≈≈≈....
≈≈≈≈≈.....
#≈≈≈≈≈#.#...


You could see 2 orcs.

Vanquished Creatures
  A scorpion (D:5)
  A howler monkey (D:5)
  3 hounds
  An orc priest (D:5)
  Terence (D:3)
  An orc wizard (D:5)
  Robin (D:3)
  2 adders
  2 ufetubi
  An adder skeleton (D:3)
  4 dart slugs
  5 orcs
  8 ball pythons
  9 endoplasms
  4 giant cockroaches
  8 goblins
  12 hobgoblins
  15 jackals
  7 kobolds
  3 quokkas (D:3)
  6 bats
  2 frilled lizards
  5 rats
102 creatures vanquished.

Vanquished Creatures (others)
  2 demonic plants (D:3)
2 creatures vanquished.

Grand Total: 104 creatures vanquished

Notes
Turn   | Place    | Note
-------+----------+-------------------------------------------
     0 | D:1      | ytrimaz the Octopode Transmuter began the quest for the
                  | Orb.
     0 | D:1      | Reached XP level 1. HP: 13/13 MP: 3/3
    65 | D:1      | Reached XP level 2. HP: 7/18 MP: 3/5
    71 | D:1      | Learned a level 2 spell: Wereblood
   677 | D:1      | Reached XP level 3. HP: 18/23 MP: 4/6
   687 | D:1      | Learned a level 3 spell: Spider Form
   865 | D:2      | HP: 1/23 [goblin (3)]
  1324 | D:2      | Reached XP level 4. HP: 28/28 MP: 5/8
  1683 | D:2      | Found a snail-covered altar of Cheibriados.
  2007 | D:3      | Found an ornate altar of the Wu Jian Council.
  2008 | D:3      | Found an ancient bone altar of Kikubaaqudgha.
  2195 | D:3      | Noticed Robin
  2206 | D:3      | Killed Robin
  2524 | D:3      | Noticed Terence
  2535 | D:3      | Killed Terence
  2536 | D:3      | Reached XP level 5. HP: 34/34 MP: 5/9
  2644 | D:3      | Noticed a tormentor
  2647 | D:3      | Found a faded altar of an unknown god.
  3187 | D:3      | Found a runed translucent door.
  3188 | D:3      | Noticed Crazy Yiuf
  3228 | D:4      | Learned a level 4 spell: Ice Form
  3527 | D:4      | Reached skill level 4 in Unarmed Combat
  3663 | D:4      | Found a sparkling altar of Nemelex Xobeh.
  3695 | D:4      | Found a shimmering blue altar of Sif Muna.
  4101 | D:4      | Found a staircase to the Ecumenical Temple.
  4115 | Temple   | Entered the Ecumenical Temple
  4291 | Temple   | Became a worshipper of Ashenzari the Shackled
  4496 | D:4      | Identified the +4 ring mail of the Postmodern Queens {rElec
                  | rC- Regen+ Dex+2}
  4667 | D:5      | Entered Level 5 of the Dungeon
  4678 | D:5      | Reached XP level 6. HP: 32/39 MP: 8/11
  5257 | D:5      | HP: 2/61 [orc (2)]
  5257 | D:5      | Slain by an orc

Illustrated notes

Levels and vault maps discovered:
D:1:      dpeg_arrival_radiant, layout_basic
D:2:      layout_loops_ring, basic_altar, minmay_misc_feat_four_crosses
D:3:      layout_loops_ring, gammafunk_temple_overflow_statue,
          dreamdust_ecumenical_altar_sealed_demon, corexii_hall_statues_l,
          uniq_terence, uniq_crazy_yiuf_cottage, uniq_robin
D:4:      layout_cave_pools, mainiacjoe_overflow_two_lobes,
          minmay_temple_entry_grid, st_stairs_5
D:5:      wander_river, layout_basic, hangedman_decor_slide_cut
Temple:   eino_narrow_crystal_temple

Skill      XL: |  1  2  3  4  5 |
---------------+----------------+-----
Spellcasting   | 3 |  3.9
Transmutations | 3 |  3.6
Fighting       | 2 |  2.5
Unarmed Combat | 4 |  4.8
Dodging        | |  2.0
Poison Magic   | |  0.8

Action                   |  1- 3 |  4- 6 || total
-------------------------+-------+-------++-------
Melee: Unarmed           |    91 |   151 ||   242
       Constrict         |    21 |    30 ||    51
       Kick              |    13 |    22 ||    35
       Tentacles         |    11 |    19 ||    30
       Punch             |     2 |     3 ||     5
 Cast: Beastly Appendage |    16 |    28 ||    44
       Wereblood         |     2 |     1 ||     3
       Spider Form       |       |     6 ||     6
  Use: Scroll            |     2 |     9 ||    11
       Potion            |       |     3 ||     3
 Stab: Sleeping          |     5 |     9 ||    14
Armor: Skin              |    18 |     9 ||    27
Dodge: Dodged            |    87 |   127 ||   214

Table legend: (Time is in decaauts)
 A = Elapsed time spent in this place.
 B = Non-inter-level travel time spent in this place.
 C = Inter-level travel time spent in this place.
 D = Time resting spent in this place.
 E = Time spent auto-exploring this place.
 F = Levels seen in this place.
 G = Mean time per level.
                   A        B        C        D        E       F      G
               +--------+--------+--------+--------+--------+-----+--------+
         Total |   5237 |   5107 |    130 |    266 |   3948 |   6 |  872.8 |
       Dungeon |   5052 |   4942 |    110 |    266 |   3794 |   5 | 1010.4 |
        Temple |    185 |    165 |     20 |      0 |    154 |   1 |  185.0 |
               +--------+--------+--------+--------+--------+-----+--------+

Top non-repeatable levels by time:
     D:4: 1258 daAuts
     D:3: 1241 daAuts
     D:2: 1116 daAuts
     D:1: 850 daAuts
     D:5: 584 daAuts
  Temple: 185 daAuts
